 Dungeon Crawl Stone Soup version 0.31.0-11-ge490571c62 (webtiles) character file.

Game seed: 12559285113180886247

6165 qw the Markself (level 10, -2/60 HPs)
             Began as a Deep Elf Hunter on Feb 4, 2024.
             Was an Elder of Okawaru.
             Slain by a killer bee (3 damage)
             ... on level 10 of the Dungeon.
             The game lasted 00:03:49 (8996 turns).

qw the Markself (Deep Elf Hunter)                   Turns: 8996, Time: 00:03:50

Health: -2/60      AC: 11    Str: 12    XL:     10   Next: 60%
Magic:  15/15      EV: 19    Int: 15    God:    Okawaru [****..]
Gold:   390        SH:  0    Dex: 18    Spells: 9/9 levels left

rFire   . . .        q - +0 orcbow
rCold   . . .        (shield currently unavailable)
rNeg    . . .        g - +2 ring mail
rPois   .            (no helmet)
rElec   .            (no cloak)
rCorr   .            (no gloves)
SInv    .            (no boots)
Will    +....        (no amulet)
Stlth   +            h - +4 ring of protection
HPRegen 0.30/turn    k - +5 ring of evasion
MPRegen 0.14/turn

%: no passive effects
@: lethally poisoned (-2 -> -7)
A: no striking features
a: Renounce Religion, Heroism, Finesse


You were on level 10 of the Dungeon.
You worshipped Okawaru.
Okawaru was greatly pleased with you.
You visited 2 branches of the dungeon, and saw 11 of its levels.

You collected 676 gold pieces.
You spent 286 gold pieces at shops.


   Skills:
 + Level 5.6 Fighting
 - Level 16.0 Ranged Weapons
 - Level 2.4 Armour
 - Level 8.1 Dodging
 - Level 1.2 Stealth
 + Level 4.9 Invocations


You had 9 spell levels left.
You didn't know any spells.
Your spell library was empty.

Inventory:

Hand Weapons
 q - a +0 orcbow (weapon)
Armour
 g - a +2 ring mail (worn)
Jewellery
 h - a +4 ring of protection (left hand)
 k - a +5 ring of evasion (right hand)
Wands
 a - a wand of mindburst (9)
 b - a wand of roots (3)
 l - a wand of charming (16)
 o - a wand of digging (3)
 p - a wand of polymorph (2)
Potions
 c - 7 potions of curing
 e - 2 potions of enlightenment
 f - a potion of resistance
 i - a potion of cancellation {unknown}
 j - a potion of might
 n - 5 potions of mutation

Dungeon Overview and Level Annotations

Branches:
Dungeon (10/15)            Temple (1/1) D:5             Orc (0/2) D:9
   Lair: D:8-11

Altars:
Ashenzari
Cheibriados
Dithmenos
Elyvilon
Fedhas
Gozag
Kikubaaqudgha
Makhleb
Nemelex Xobeh
Okawaru
Qazlal
Ru
Sif Muna
Trog
Uskayaw
Vehumet
Wu Jian
Xom
Yredelemnul
Zin
The Shining One

Shops:
D:4 !

Annotations:
D:3 1 runed translucent door, Crazy Yiuf
D:4 2 runed translucent doors, qw's ghost, amateur SpHu
D:7 3 runed translucent doors, qw's ghost, novice SpHu


Message History

The killer bee is almost dead.
You feel sick. The killer bee closely misses you.
The killer bee stings you but does no damage.
The killer bee closely misses you.
The killer bee stings you but does no damage. x2
The killer bee stings you.
8990 ||| DRINKING potion of heal wounds.
You feel much better.
You feel sick. The killer bee barely misses you.
The killer bee closely misses you. x2; The killer bee misses you.
The killer bee barely misses you. The killer bee misses you.
You shoot an arrow. The arrow misses the killer bee.
You feel sick. The killer bee closely misses you.
The killer bee completely misses you. The killer bee misses you.
You shoot an arrow. The arrow misses the killer bee.
You feel sick. The killer bee misses you. The killer bee stings you!
You are more poisoned.
The killer bee poisons you! The killer bee closely misses you.
The killer bee misses you.
The killer bee stings you but does no damage.
The killer bee completely misses you.
You shoot an arrow.
The arrow completely misses the killer bee.
You feel very sick. The killer bee closely misses you.
The killer bee barely misses you. The killer bee stings you!
The killer bee stings you. The killer bee closely misses you.
The killer bee misses you.
You shoot an arrow. The arrow misses the killer bee.
You feel sick. The killer bee misses you. The killer bee closely misses you.
The killer bee completely misses you.
You shoot an arrow. The arrow misses the killer bee.
You feel sick. The killer bee completely misses you.
The killer bee stings you but does no damage.
The killer bee barely misses you. The killer bee closely misses you.
The killer bee barely misses you. The killer bee misses you.
You shoot an arrow. The arrow hits the killer bee.
You kill the killer bee!
Okawaru accepts your kill.
You feel sick. The killer bee closely misses you. The killer bee stings you.
You die...

#.#..##...# .
#..#.##.#.# ..
##.#....#.# ###...
##........#######....#
.............##...#
..###............#### .
#............##.....#..#
#####..<......#y###....#
##.....#...y@.......
###......#...%########
#.............#...#
...#....)...#...h.....
.............#....^$..y
................yy.....
######....####.........
...#..# ##...y....
###....# #...#...


You could see 2 killer bees.

Vanquished Creatures
  A kobold demonologist (D:9)
  An unseen horror (D:10)
  Psyche (D:9)
  A wyvern (D:8)
  3 steam dragons
  Duvessa (D:6)
  A water moccasin (D:6)
  6 orc warriors
  A sky beast (D:8)
  2 black bears
  3 ice beasts
  3 ogres
  4 centaurs
  A phantom (D:5)
  8 kobold brigands
  A scorpion (D:5)
  3 bullfrogs (D:8)
  A gnoll sergeant (D:8)
  5 wights
  Dowan (D:6)
  8 killer bees
  6 howler monkeys
  A bombardier beetle (D:3)
  2 hounds
  A jelly (D:4)
  11 orc priests
  3 gnoll boudas
  A sleepcap (D:6)
  6 iguanas
  10 orc wizards
  Terence (D:2)
  An adder (D:6)
  15 gnolls
  2 shadow imps (D:9)
  A white imp (D:6)
  A dart slug (D:2)
  A ribbon worm (D:5)
  36 orcs
  2 ball pythons
  5 endoplasms
  2 giant cockroaches
  10 goblins
  10 hobgoblins
  2 jackals (D:1)
  5 quokkas
  4 bats
  8 frilled lizards
  34 kobolds
  8 kobold skeletons (D:9)
  10 kobold zombies (D:9)
  4 rats
259 creatures vanquished.

Notes
Turn   | Place    | Note
-------+----------+-------------------------------------------
     0 | D:1      | qw the Deep Elf Hunter began the quest for the Orb.
     0 | D:1      | Reached XP level 1. HP: 12/12 MP: 3/3
     0 | D:1      | 0 ||| qw: Version: 0.3-a-160-g6735b56
     0 | D:1      | 0 ||| qw: Game counter: 6045
     0 | D:1      | 0 ||| qw: Melee chars always use a shield: true
     0 | D:1      | 0 ||| qw: God list: Okawaru
     0 | D:1      | 0 ||| qw: Allow faded altars: false
     0 | D:1      | 0 ||| qw: Do Orc after clearing Dungeon:15 true
     0 | D:1      | 0 ||| qw: Do second Lair branch before Depths: true
     0 | D:1      | 0 ||| qw: Lair rune preference: random
     0 | D:1      | 0 ||| qw: Goals: Normal
     0 | D:1      | 0 ||| PLANNING D:1-11
   359 | D:1      | Reached skill level 6 in Ranged Weapons
   359 | D:1      | Reached XP level 2. HP: 16/16 MP: 4/4
   717 | D:1      | 717 ||| UPGRADING to +0 ring mail.
   727 | D:1      | 727 ||| DROPPING +0 leather armour.
   728 | D:1      | 728 ||| READING 2 scrolls labelled VUOTHRA QOP EKI.
   728 | D:1      | 728 ||| ENCHANTING +0 shortbow.
   729 | D:1      | 729 ||| READING scroll of enchant weapon.
   729 | D:1      | 729 ||| ENCHANTING +1 shortbow.
   730 | D:1      | 730 ||| READING 2 scrolls labelled SECZOATIMI.
   730 | D:1      | 730 ||| IDENTIFYING murky orange potion
   731 | D:1      | 731 ||| DROPPING scroll of butterflies.
   805 | D:2      | Noticed Terence
   810 | D:2      | Killed Terence
   811 | D:2      | Reached skill level 7 in Ranged Weapons
   811 | D:2      | Reached XP level 3. HP: 20/20 MP: 5/5
   812 | D:2      | 812 ||| READING 3 scrolls of enchant weapon.
   812 | D:2      | 812 ||| ENCHANTING +2 shortbow.
   813 | D:2      | 813 ||| READING 2 scrolls of enchant weapon.
   813 | D:2      | 813 ||| ENCHANTING +3 shortbow.
   814 | D:2      | 814 ||| READING scroll of enchant weapon.
   814 | D:2      | 814 ||| ENCHANTING +4 shortbow.
   901 | D:2      | Found an ancient bone altar of Kikubaaqudgha.
   982 | D:2      | 982 ||| FLEEEEING.
   983 | D:2      | 983 ||| FLEEEEING.
   985 | D:2      | 985 ||| FLEEEEING.
   986 | D:2      | 986 ||| FLEEEEING.
   987 | D:2      | 987 ||| FLEEEEING.
   988 | D:2      | 988 ||| FLEEEEING.
   989 | D:2      | 989 ||| FLEEEEING.
   990 | D:2      | 990 ||| FLEEEEING.
   991 | D:2      | 991 ||| FLEEEEING.
   992 | D:2      | 992 ||| STAIRDANCE
   999 | D:1      | 999 ||| READING 2 scrolls of identify.
   999 | D:1      | 999 ||| IDENTIFYING purple potion
  1658 | D:2      | 1658 ||| READING scroll of identify.
  1658 | D:2      | 1658 ||| IDENTIFYING scroll labelled ZETRAT JANG
  1659 | D:2      | 1659 ||| READING scroll of enchant armour.
  1659 | D:2      | 1659 ||| ENCHANTING +0 ring mail.
  1702 | D:3      | Reached XP level 4. HP: 25/25 MP: 6/6
  1732 | D:3      | Noticed a black bear
  1742 | D:3      | Killed a black bear
  1743 | D:3      | Reached skill level 8 in Ranged Weapons
  1743 | D:3      | Reached XP level 5. HP: 9/29 MP: 7/7
  1897 | D:3      | Reached skill level 9 in Ranged Weapons
  1925 | D:3      | Found a stormy altar of Qazlal.
  2219 | D:3      | Reached XP level 6. HP: 35/35 MP: 8/8
  2274 | D:3      | 2274 ||| READING scroll of enchant weapon.
  2274 | D:3      | 2274 ||| ENCHANTING +5 shortbow.
  2371 | D:3      | Found a runed translucent door.
  2372 | D:3      | Noticed Crazy Yiuf
  2375 | D:3      | 2375 ||| READING 3 scrolls of identify.
  2375 | D:3      | 2375 ||| IDENTIFYING red potion
  2376 | D:3      | 2376 ||| READING 2 scrolls of identify.
  2376 | D:3      | 2376 ||| IDENTIFYING 2 sedimented emerald potions
  2377 | D:3      | 2377 ||| READING scroll of identify.
  2377 | D:3      | 2377 ||| IDENTIFYING scroll labelled TAPAELI ZOQUN
  2378 | D:3      | 2378 ||| READING scroll labelled NON FEABBI.
  2646 | D:4      | Found a shimmering altar of Xom.
  2646 | D:4      | Found a shadowy altar of Dithmenos.
  2723 | D:4      | Found a sparkling altar of Nemelex Xobeh.
  2727 | D:4      | Identified the +5 dagger of the Thing {speed, *Noise rCorr
                  | Str+4}
  2745 | D:4      | Found Biegoow's Distillery.
  2748 | D:4      | 2748 ||| BUYING potion of curing (33 gold).
  2748 | D:4      | Bought a potion of curing for 33 gold pieces
  2748 | D:4      | 2748 ||| BUYING potion of enlightenment (55 gold).
  2748 | D:4      | Bought a potion of enlightenment for 55 gold pieces
  2748 | D:4      | 2748 ||| BUYING potion of heal wounds (55 gold).
  2748 | D:4      | Bought a potion of heal wounds for 55 gold pieces
  2748 | D:4      | 2748 ||| BUYING potion of heal wounds (55 gold).
  2748 | D:4      | Bought a potion of heal wounds for 55 gold pieces
  2748 | D:4      | 2748 ||| BUYING potion of mutation (88 gold).
  2748 | D:4      | Bought a potion of mutation for 88 gold pieces
  2766 | D:4      | Found a large runed translucent door.
  2766 | D:4      | Found a large runed translucent door.
  2792 | D:4      | Noticed qw's ghost (amateur SpHu)
  2940 | D:4      | 2940 ||| UPGRADING to +4 ring of protection.
  2941 | D:4      | 2941 ||| READING 2 scrolls of identify.
  2941 | D:4      | 2941 ||| IDENTIFYING orange potion
  2942 | D:4      | 2942 ||| READING scroll of identify.
  2942 | D:4      | 2942 ||| IDENTIFYING scroll labelled VUACKU LUIGGE
  2943 | D:4      | 2943 ||| READING scroll labelled JUYJAM AGEDWU.
  3044 | D:4      | 3044 ||| DROPPING scroll of blinking.
  3066 | D:5      | Entered Level 5 of the Dungeon
  3073 | D:5      | 3073 ||| STAIRDANCE
  3086 | D:4      | Reached skill level 10 in Ranged Weapons
  3146 | D:5      | 3146 ||| DRINKING 5 potions of curing.
  3146 | D:5      | 3146 ||| (to cure confusion)
  3153 | D:5      | Reached skill level 3 in Dodging
  3163 | D:5      | Found a staircase to the Ecumenical Temple.
  3164 | D:5      | 3164 ||| PLANNING TEMPLE
  3164 | D:5      | 3164 ||| DROPPING ring of ice.
  3165 | D:5      | 3165 ||| UPGRADING to +5 ring of evasion.
  3174 | Temple   | Entered the Ecumenical Temple
  3175 | Temple   | 3175 ||| PLANNING D:1-11
  3184 | D:5      | Found a white marble altar of Elyvilon.
  3225 | D:5      | Reached XP level 7. HP: 16/40 MP: 9/9
  3225 | D:5      | HP: 10/40 [poisoned by a kobold brigand (curare-tipped
                  | dart)]
  3226 | D:5      | 3226 ||| DRINKING 4 potions of curing.
  3226 | D:5      | 3226 ||| (to cure poison)
  3347 | D:5      | Reached skill level 11 in Ranged Weapons
  3540 | D:5      | Found a glowing silver altar of Zin.
  3723 | D:5      | Reached skill level 12 in Ranged Weapons
  3752 | D:5      | 3752 ||| RETREEEEATING.
  3759 | D:5      | Reached skill level 1 in Armour
  4009 | D:5      | 4009 ||| READING scroll labelled VIEKLE DOROESCH.
  4010 | D:5      | 4010 ||| READING scroll labelled PAPLAJ KIDU.
  4139 | D:6      | 4139 ||| RETREEEEATING.
  4147 | D:6      | Reached skill level 3 in Fighting
  4147 | D:6      | Reached XP level 8. HP: 46/46 MP: 10/10
  4254 | D:6      | 4254 ||| READING scroll of enchant weapon.
  4254 | D:6      | 4254 ||| ENCHANTING +6 shortbow.
  4268 | D:6      | Found an opulent altar of Gozag.
  4835 | D:6      | Noticed Duvessa
  4835 | D:6      | Noticed Dowan
  4837 | D:6      | 4837 ||| FLEEEEING.
  4838 | D:6      | 4838 ||| FLEEEEING.
  4841 | D:6      | Killed Dowan
  4842 | D:6      | Reached skill level 13 in Ranged Weapons
  4842 | D:6      | 4842 ||| FLEEEEING.
  4847 | D:6      | HP: 10/46 [Duvessa/+0 short sword (9)]
  4848 | D:6      | 4848 ||| READING scroll of teleportation.
  4849 | D:6      | 4849 ||| DRINKING 4 potions of heal wounds.
  5049 | D:6      | Killed Duvessa
  5191 | D:6      | 5191 ||| READING scroll of identify.
  5191 | D:6      | 5191 ||| IDENTIFYING dark potion
  5192 | D:6      | 5192 ||| DROPPING potion of ambrosia.
  5313 | D:7      | Noticed a troll
  5313 | D:7      | Noticed qw's ghost (novice SpHu)
  5321 | D:7      | Found a runed translucent gate.
  5321 | D:7      | Found a runed translucent gate.
  5322 | D:7      | Found a runed translucent gate.
  5373 | D:7      | Found a shimmering blue altar of Sif Muna.
  5431 | D:7      | Found an iron altar of Okawaru.
  5432 | D:7      | 5432 ||| PLANNING OKAWARU WORSHIP
  5439 | D:7      | Became a worshipper of Warmaster Okawaru
  5440 | D:7      | 5440 ||| PLANNING D:1-11
  5499 | D:7      | Reached skill level 14 in Ranged Weapons
  5500 | D:7      | 5500 ||| FLEEEEING.
  5501 | D:7      | 5501 ||| FLEEEEING.
  5502 | D:7      | 5502 ||| FLEEEEING.
  5751 | D:7      | Reached * piety under Okawaru
  5752 | D:7      | Reached XP level 9. HP: 52/52 MP: 11/11
  5778 | D:7      | Reached skill level 1 in Invocations
  5841 | D:7      | 5841 ||| READING scroll of enchant armour.
  5841 | D:7      | 5841 ||| ENCHANTING +1 ring mail.
  5917 | D:7      | Found a basalt altar of Yredelemnul.
  6023 | D:7      | 6023 ||| SWAPPING to +0 orcbow.
  6024 | D:7      | 6024 ||| DROPPING +7 shortbow.
  6282 | D:7      | 6282 ||| READING scroll labelled IPU WOMEEHAXOMN.
  6354 | D:8      | 6354 ||| RETREEEEATING.
  6355 | D:8      | 6355 ||| RETREEEEATING.
  6368 | D:8      | Reached skill level 3 in Invocations
  6504 | D:8      | 6504 ||| RETREEEEATING.
  6509 | D:8      | Reached ** piety under Okawaru
  6629 | D:8      | 6629 ||| Stepping randomly (disturbance).
  6771 | D:8      | Reached skill level 15 in Ranged Weapons
  6806 | D:8      | 6806 ||| Stepping ~*~*~tactically~*~*~ (cloud).
  6815 | D:8      | HP: 12/52 [something/magic dart (3)]
  6816 | D:8      | 6816 ||| READING 2 scrolls of teleportation.
  6817 | D:8      | 6817 ||| DRINKING 3 potions of heal wounds.
  7001 | D:8      | 7001 ||| RETREEEEATING.
  7002 | D:8      | 7002 ||| RETREEEEATING.
  7003 | D:8      | 7003 ||| RETREEEEATING.
  7009 | D:8      | 7009 ||| RETREEEEATING.
  7021 | D:8      | HP: 13/52 [poisoned by a killer bee]
  7022 | D:8      | 7022 ||| READING 2 scrolls of teleportation.
  7023 | D:8      | 7023 ||| DRINKING 2 potions of heal wounds.
  7184 | D:8      | Reached skill level 16 in Ranged Weapons
  7240 | D:8      | Found an ornate altar of the Wu Jian Council.
  7323 | D:8      | 7323 ||| READING scroll labelled GAM YMMAPAIMO.
  7350 | D:9      | Noticed Psyche
  7351 | D:9      | 7351 ||| INVOKING Heroism.
  7361 | D:9      | 7361 ||| Stepping ~*~*~tactically~*~*~ (cloud).
  7362 | D:9      | 7362 ||| Stepping ~*~*~tactically~*~*~ (cloud).
  7367 | D:9      | 7367 ||| Stepping randomly (disturbance).
  7369 | D:9      | Killed Psyche
  7370 | D:9      | Reached skill level 6 in Dodging
  7473 | D:9      | Found a hide-covered altar of Uskayaw.
  7475 | D:9      | Noticed a +0 hand axe
  7475 | D:9      | Noticed a +0 dagger
  7534 | D:9      | Reached *** piety under Okawaru
  7535 | D:9      | Reached XP level 10. HP: 46/56 MP: 15/15
  7549 | D:9      | HP: 11/56 [orc priest/+0 war axe (5)]
  7550 | D:9      | 7550 ||| READING 2 scrolls of teleportation.
  7551 | D:9      | 7551 ||| DRINKING potion of heal wounds.
  7555 | D:9      | Found a blossoming altar of Fedhas.
  7937 | D:9      | Found an ancient bone altar of Kikubaaqudgha.
  8086 | D:9      | HP: 14/59 [orc warrior/+1 glaive of protection (2)]
  8087 | D:9      | 8087 ||| READING scroll of teleportation.
  8313 | D:9      | Found a bloodstained altar of Trog.
  8455 | D:9      | Found an iron altar of Okawaru.
  8516 | D:9      | Reached **** piety under Okawaru
  8668 | D:9      | Found a staircase to the Orcish Mines.
  8787 | D:9      | 8787 ||| READING scroll labelled TERPHY XIRHANA.
  8801 | D:10     | Entered Level 10 of the Dungeon
  8956 | D:10     | 8956 ||| RETREEEEATING.
  8958 | D:10     | 8958 ||| RETREEEEATING.
  8989 | D:10     | HP: 11/60 [killer bee (5)]
  8990 | D:10     | 8990 ||| DRINKING potion of heal wounds.
  8993 | D:10     | HP: 5/60 [killer bee (5)]
  8995 | D:10     | HP: 2/60 [poisoned by a killer bee]
  8996 | D:10     | Slain by a killer bee

Levels and vault maps discovered:
D:1:      nzn_arrival_crosshair, layout_basic, chequers_serial_rivers_small_a,
          ebering_dispersal_statue_hall
D:2:      layout_basic, basic_altar, minmay_pentomino_r4, uniq_terence
D:3:      layout_loops_cross, nicolae_qazlal_scattered_showers, moated_statue,
          minmay_misc_feat_tiny, minmay_diced_spiral, uniq_crazy_yiuf_cottage
D:4:      layout_basic, jmf_multi_god_temple, nemelex_xobeh_ov_fountains_minmay,
          ebering_ghost_disaster_area, serial_shops, kennysheep_mini_moat
D:5:      layout_loops_cross, lemuel_tele_altar, zin_scriptorium,
          minmay_temple_entry_overgrown
D:6:      layout_layer_cave, nicolae_gozag_seed_capital, uniq_duvessa
D:7:      kennysheep_spiral_hall, layout_loops_corners,
          yredelemnul_altar_generic, tgw_sif, okawaru_altar_gauntlet_db,
          gammafunk_ghost_split, chequers_serial_rivers_micro_e
D:8:      layout_rooms, kennysheep_little_box
D:9:      wander_kiku_kobolds, layout_irregular_city, fedhas_altar_3,
          dancing_weapons_uskayaw, mainiacjoe_overflow_boulevard, david_orc_4,
          david_defended_altar_orc, uniq_psyche
D:10:     layout_rooms, nicolae_hepliaklqana_hazy_memory, serial_shops, shop
Temple:   nicolae_temple_little_seven

Skill      XL: |  1  2  3  4  5  6  7  8  9 10 |
---------------+-------------------------------+-----
Ranged Weapons | 6 7 8 9 10 12 14 16 | 16.0
Fighting       | 2 3 4 5 |  5.6
Dodging        | 3 5 6 8 |  8.1
Armour         | 1 2 |  2.4
Invocations    | 4 |  4.9
Stealth        | |  1.2

Action                     |  1- 3 |  4- 6 |  7- 9 | 10-12 || total
---------------------------+-------+-------+-------+-------++-------
   Fire: Shortbow          |    82 |   101 |   207 |       ||   390
         Orcbow            |       |       |   191 |   313 ||   504
 Invoke: Heroism           |       |       |     1 |       ||     1
    Use: Scroll            |     9 |     8 |    10 |     3 ||    30
         Potion            |       |     1 |     4 |     2 ||     7
 Armour: Leather armour    |     4 |       |       |       ||     4
         Ring mail         |     7 |    28 |   143 |   129 ||   307
  Dodge: Dodged            |    10 |    23 |   151 |   216 ||   400

Table legend:
 A = Non-vault XP
 B = Vault XP
 C = Vault XP percentage of total XP
 D = Non-vault monster count
 E = Vault monster count
 F = Vault count percentage of total count
                 A         B        C        D         E       F
            +---------+---------+-------+---------+---------+-------
      Total |    6106 |    2761 |  31.1 |     166 |      93 |  35.9
            +---------+---------+-------+---------+---------+-------
        D:1 |      30 |       0 |   0.0 |      17 |       0 |   0.0
        D:2 |      26 |      40 |  60.6 |      17 |       4 |  19.0
        D:3 |     290 |       6 |   2.0 |      16 |       4 |  20.0
        D:4 |     134 |       3 |   2.2 |      10 |       2 |  16.7
        D:5 |     843 |       0 |   0.0 |      27 |       0 |   0.0
        D:6 |     596 |     211 |  26.1 |      19 |       2 |   9.5
        D:7 |     633 |     376 |  37.3 |      10 |      11 |  52.4
        D:8 |    1874 |       0 |   0.0 |      27 |       0 |   0.0
        D:9 |     956 |    2125 |  69.0 |      17 |      70 |  80.5
       D:10 |     724 |       0 |   0.0 |       6 |       0 |   0.0
            +---------+---------+-------+---------+---------+-------
